Match 31797061
Unlisted

Match 31797061
End
Construct Section Command Post
Selects Air and Sea Battlegroup
Dingo Light Scout Car
Vickers Machine Gun Team
Infantry Section
Infantry Section
Construct Field Infirmary
Grenade Package
Selects Commando Section Paradrop
Commando Section Paradrop
Construct Platoon Command Post
CMP 15cwt Truck
Unlock M3 Stuart Light Tanks
Commando Section Paradrop
Selects Supply Surplus
M3 Stuart Light Tank
Infantry Training
Microsoft Office PowerPoint
Microsoft Office Excel
Microsoft Office Word
♤ 2.WELTherscher
Revolution
Soviet☭
0
0

Comments sign in to comment!

No comments posted yet!